Map: King's Cove LE

Players

SoulSpirit

  • Race: Zerg Zerg
  • Spawn Location: 11:00

Namshar - Winner!

  • Race: Zerg Zerg
  • League: Grandmaster
  • Spawn Location: 5:00

Event: 2019 WCS Winter Europe

VOD

Have the link to the VOD?

Description

Time

  • Played on: Feb. 9, 2019, 11:59 a.m.
  • Length: 15:03

All games in this series

Show
View Real Time Build Order
Export as new Build Order

SoulSpirit Zerg 

Build Orders: Hatch First 

Get SALT Encoding   

  12  0:00  Drone  
  13  0:12  Overlord  
  13  0:18  Drone  
  14  0:31  Drone x2  
  16  0:49  Hatchery  
  15  0:52  Drone  
  15  0:56  Drone  
  17  0:59  Drone  
  18  1:10  Extractor  
  17  1:15  Spawning Pool  
  17  1:18  Drone  
  17  1:21  Drone  
  18  1:29  Drone  
  19  1:40  Drone  
  20  1:49  Overlord  
  20  2:01  Queen x2  
  20  2:02  Zergling x4  
  26  2:10  Metabolic Boost  
  26  2:11  Drone  
  26  2:14  Drone  
  28  2:22  Drone  
  29  2:24  Drone  
  30  2:32  Drone  
  31  2:40  Hatchery  
  30  2:45  Drone x2  
  32  2:55  Overlord, Baneling Nest  
  31  3:01  Drone  
  31  3:05  Drone x2  
  34  3:14  Zergling x10  
  34  3:16  Zergling x2  
  41  3:20  Zergling x2  
  41  3:23  Zergling x4  
  43  3:33  Zergling x2  
  44  3:36  Overlord  
  44  3:46  Baneling  
  43  3:49  Baneling x2  
  43  4:02  Zergling x14  
  47  4:07  Drone x2  
  47  4:08  Drone  
  50  4:10  Queen  
  50  4:13  Evolution Chamber  
  51  4:17  Overlord  
  51  4:18  Drone x2  
  53  4:29  Drone  
  53  4:30  Drone x2  
  54  4:33  Baneling x2  
  54  4:36  Drone  
  55  4:39  Zerg Missile Weapons Level 1  
  55  4:40  Roach Warren  
  56  4:45  Drone x6  
  56  4:47  Zergling x2  
  56  4:50  Zergling x4  
  61  4:58  Drone x3  
  64  5:05  Extractor  
  64  5:06  Extractor  
  61  5:09  Baneling x2  
  61  5:10  Drone x4  
  61  5:13  Drone  
  66  5:14  Overlord  
  66  5:15  Overlord  
  66  5:29  Lair  
  66  5:30  Overlord  
  66  5:32  Overlord  
  66  5:33  Drone  
  66  5:34  Drone x4  
  66  5:35  Drone x2  
  73  5:40  Drone x2  
  75  5:47  Queen, Drone x3  
  75  5:48  Drone  
  79  5:51  Drone x3  
  82  5:58  Overlord  
  82  5:59  Drone  
  83  6:09  Baneling x2  
  81  6:12  Overlord x2, Extractor  
  81  6:14  Extractor  
  81  6:15  Roach x5  
  89  6:19  Roach x2  
  93  6:26  Drone  
  93  6:27  Drone  
  93  6:29  Roach x2  
  93  6:30  Glial Reconstitution  
  99  6:32  Zerg Missile Weapons Level 2  
  99  6:33  Hatchery  
  99  6:35  Roach  
  99  6:38  Roach  
  102  6:41  Roach  
  102  6:45  Roach  
  102  6:46  Roach  
  107  6:47  Overlord x2  
  107  6:51  Roach  
  109  6:54  Extractor  
  109  6:57  Roach x3  
  114  7:01  Roach  
  114  7:02  Roach  
  114  7:08  Roach x3  
  124  7:09  Roach  
  124  7:12  Roach x2  
  130  7:16  Overlord  
  130  7:20  Roach x2  
  134  7:25  Pneumatized Carapace  
  134  7:27  Roach  
  136  7:30  Overlord x3  
  135  7:44  Roach  
  135  7:48  Roach x5  
  142  7:52  Roach x3  
  142  7:58  Ravager x4  
  152  8:03  Baneling x2  
  152  8:04  Roach x2  
  157  8:05  Drone x2  
  157  8:06  Queen, Drone x2  
  157  8:07  Overlord  
  157  8:11  Drone x4  
  162  8:14  Drone  
  162  8:16  Drone x2  
  162  8:17  Drone  
  158  8:21  Roach x3  
  158  8:26  Roach  
  165  8:28  Ravager x3  
  165  8:29  Roach  
  170  8:34  Roach  
  170  8:35  Roach  
  174  8:43  Overlord  
  174  8:44  Overlord x2  
  174  8:52  Spire  
  173  8:59  Roach  
  176  9:02  Roach  
  176  9:03  Roach x5  
  176  9:08  Roach x3  
  186  9:12  Roach x2  
  190  9:27  Roach  
  190  9:28  Roach x4  
  178  9:42  Roach x10  
  174  10:00  Zerg Ground Armor Level 1  
  174  10:03  Extractor  
  174  10:05  Mutalisk x5  
  183  10:11  Mutalisk  
  185  10:19  Mutalisk  
  187  10:22  Mutalisk  
  187  10:26  Extractor  
  187  10:28  Mutalisk  
  190  10:38  Mutalisk x2  
  194  10:45  Mutalisk  
  189  11:06  Spine Crawler  
  189  11:09  Drone x4  
  188  11:11  Overseer  
  188  11:13  Spine Crawler  
  188  11:16  Roach x6  
  199  11:19  Overseer  
  199  11:23  Overlord  
  194  11:26  Overlord  
  194  11:27  Overlord x2  
  192  11:37  Overlord x2, Spine Crawler  
  191  11:44  Roach x4  
  199  12:01  Roach  
  177  12:18  Roach x11  
  181  12:26  Roach x4  
  179  12:31  Roach x2  
  160  12:38  Roach  
  160  12:47  Roach x3  
  164  12:56  Roach x2  
  154  13:02  Ravager x8  
  162  13:11  Roach x2  
  166  13:14  Ravager x4  
  168  13:25  Roach x4  
  172  13:35  Roach x4  
  168  13:42  Overseer  
  168  13:43  Overseer  
  168  13:55  Ravager x10  
  178  13:57  Roach x3  
  178  13:59  Roach  
  178  14:02  Roach  
  192  14:10  Roach x3  
  192  14:13  Drone x2  
  190  14:21  Roach x3  
  196  14:30  Roach  
Show
View Real Time Build Order
Export as new Build Order

Namshar Zerg - Winner!

Build Orders: Hatch First, Lurkers, Zergling Baneling 

Get SALT Encoding   

  12  0:00  Drone  
  13  0:12  Overlord  
  13  0:17  Drone  
  14  0:31  Drone x2  
  16  0:47  Hatchery  
  15  0:52  Drone  
  15  0:55  Drone  
  17  0:58  Drone  
  18  1:09  Extractor  
  17  1:14  Spawning Pool  
  17  1:18  Drone  
  17  1:20  Drone  
  18  1:28  Drone  
  19  1:38  Drone  
  20  1:49  Overlord  
  20  2:00  Queen x2  
  24  2:01  Zergling x4  
  26  2:09  Metabolic Boost  
  26  2:11  Drone  
  26  2:13  Drone  
  28  2:21  Drone  
  28  2:22  Drone  
  30  2:33  Drone x2  
  32  2:44  Hatchery  
  32  2:47  Baneling Nest  
  32  2:49  Drone  
  31  2:53  Overlord  
  31  2:58  Drone  
  32  2:59  Drone  
  33  3:10  Drone x3  
  33  3:12  Drone x2  
  38  3:14  Zergling x2  
  38  3:16  Zergling x2  
  40  3:21  Overlord  
  40  3:27  Queen  
  40  3:31  Baneling x2  
  40  3:32  Zergling x2  
  43  3:34  Drone  
  43  3:40  Overlord  
  44  3:42  Zergling x2  
  44  3:43  Zergling x4  
  44  3:46  Zergling x4  
  49  3:59  Zergling x2  
  49  4:00  Baneling, Zergling x2  
  49  4:01  Baneling  
  50  4:03  Drone  
  50  4:04  Drone x4  
  50  4:06  Baneling x2  
  55  4:14  Overlord  
  55  4:15  Drone x2  
  57  4:21  Evolution Chamber  
  57  4:22  Roach Warren  
  55  4:29  Baneling  
  52  4:31  Baneling  
  52  4:32  Drone  
  52  4:33  Drone x7  
  60  4:43  Extractor, Zergling x10  
  60  4:44  Extractor  
  63  4:51  Overlord  
  63  4:53  Drone  
  63  4:58  Zergling x2  
  63  4:59  Zergling x2  
  66  5:00  Drone x5  
  69  5:08  Zerg Missile Weapons Level 1  
  69  5:10  Overlord  
  69  5:11  Drone  
  69  5:12  Drone x4  
  74  5:17  Overlord  
  74  5:18  Drone  
  74  5:20  Lair  
  75  5:28  Overlord  
  75  5:29  Roach  
  75  5:30  Roach  
  75  5:32  Roach  
  80  5:42  Extractor  
  79  5:43  Drone x3  
  79  5:46  Drone  
  79  5:47  Drone x6  
  88  5:51  Baneling  
  88  5:53  Overlord x2  
  88  5:58  Roach x2  
  92  6:04  Pneumatized Carapace  
  92  6:05  Extractor, Drone  
  92  6:06  Evolution Chamber  
  92  6:07  Extractor  
  92  6:09  Drone x3  
  92  6:14  Drone  
  92  6:15  Overlord, Drone  
  94  6:20  Glial Reconstitution, Hatchery  
  94  6:25  Overlord x2  
  93  6:27  Overseer  
  93  6:34  Roach x2  
  93  6:38  Zerg Ground Armor Level 1  
  96  6:57  Roach x6  
  96  6:58  Overlord x3  
  108  7:04  Roach x3  
  114  7:10  Baneling x3  
  114  7:12  Overlord  
  114  7:14  Roach  
  114  7:15  Roach x5  
  126  7:17  Ravager x2  
  126  7:18  Ravager x2  
  126  7:20  Overlord  
  130  7:23  Drone x4  
  130  7:25  Drone  
  130  7:26  Drone  
  136  7:33  Queen  
  136  7:35  Zerg Missile Weapons Level 2  
  138  7:38  Roach  
  138  7:39  Roach x4  
  148  7:50  Drone  
  150  7:51  Roach  
  150  7:52  Roach x9  
  150  7:55  Overlord  
  150  7:56  Overlord  
  168  8:00  Extractor  
  163  8:20  Ravager x2  
  163  8:25  Roach  
  163  8:26  Roach x13  
  191  8:31  Overlord x4  
  191  8:36  Overlord x3  
  191  8:40  Zerg Ground Armor Level 2  
  191  8:47  Overlord  
  191  8:50  Tunneling Claws  
  191  8:51  Burrow  
  191  8:52  Drone x3  
  191  8:53  Roach x2  
  189  9:06  Roach x7  
  196  9:16  Drone x2  
  198  9:17  Infestation Pit  
  198  9:18  Hydralisk Den  
  198  9:19  Drone  
  195  9:28  Extractor  
  192  9:36  Roach x8  
  172  9:44  Roach x10  
  170  9:47  Roach  
  170  9:50  Roach x2  
  170  9:51  Roach  
  168  9:56  Ravager  
  168  9:57  Ravager x2  
  168  9:58  Ravager  
  172  10:02  Hive  
  172  10:03  Drone x2  
  174  10:07  Roach  
  174  10:11  Roach x2  
  174  10:14  Hatchery  
  179  10:20  Grooved Spines  
  179  10:21  Drone  
  180  10:22  Lurker Den  
  180  10:23  Drone  
  180  10:24  Roach, Spine Crawler  
  180  10:25  Roach  
  183  10:28  Drone, Spine Crawler  
  183  10:32  Drone  
  183  10:33  Spine Crawler  
  183  10:35  Spine Crawler  
  183  10:36  Roach x3  
  183  10:37  Overseer x2  
  183  10:39  Roach x3  
  182  10:48  Spore Crawler x2  
  180  10:50  Spore Crawler  
  180  10:51  Spore Crawler, Drone  
  180  10:53  Drone  
  177  10:59  Roach  
  177  11:00  Roach x2  
  177  11:01  Hydralisk  
  177  11:02  Hydralisk x5  
  177  11:03  Roach x3  
  180  11:16  Hydralisk x6  
  192  11:31  Drone x2  
  192  11:32  Muscular Augments  
  190  11:34  Zerg Missile Weapons Level 3  
  190  11:37  Viper x2  
  196  11:42  Evolution Chamber  
  193  11:58  Hydralisk x4  
  199  12:06  Roach  
  199  12:07  Roach x3  
  197  12:12  Roach  
  197  12:13  Roach x5  
  188  12:22  Queen  
  179  12:24  Spore Crawler  
  179  12:27  Roach x6  
  172  12:37  Roach x5  
  164  12:40  Drone x2  
  164  12:42  Overseer  
  163  12:49  Roach x25  
  163  12:50  Lurker x2  
  162  12:51  Roach  
  162  12:52  Roach x4  
  170  13:01  Lurker x2  
  172  13:08  Lurker  
  172  13:09  Lurker  
  174  13:16  Spore Crawler, Drone  
  174  13:17  Drone x4  
  177  13:20  Drone x2  
  177  13:26  Drone  
  180  13:27  Drone x3  
  180  13:32  Adaptive Talons  
  174  13:38  Ravager x3  
  174  13:40  Ravager  
  174  13:42  Roach x2  
  174  13:48  Drone x4  
  178  13:51  Lurker x3  
  178  13:55  Spore Crawler  
  180  14:11  Hydralisk x7  
  180  14:12  Roach x2  
  194  14:25  Hydralisk x3  
  194  14:30  Roach  
  194  14:31  Roach x5  
  200  14:34  Roach  
  200  14:37  Roach Warren  
  197  14:39  Roach  
Tags
 
Add a new tag
Caveats
  • Supply blocks, unpowered buildings, or Contaminate may cause inaccurate times.
  • Supply counts are checked every 10 seconds.